 Dungeon Crawl Stone Soup version 0.22-a0-565-gfc6459a (webtiles) character file.

2543 Hebeh the Cleaver (level 9, -2/79 HPs)
             Began as a Minotaur Fighter on June 28, 2018.
             Was a Believer of Trog.
             Slain by a sky beast (6 damage)
             ... on level 7 of the Dungeon.
             The game lasted 00:16:53 (6359 turns).

Hebeh the Cleaver (Minotaur Fighter)                Turns: 6359, Time: 00:16:56

Health: -2/79      AC: 10    Str: 24    XL:     9   Next: 30%
Magic:  11/11      EV:  8    Int:  5    God:    Trog [**....]
Gold:   253        SH: 12    Dex: 10    Spells: 8/8 levels left

rFire    . . .     SeeInvis .   b - +2 mace (holy)
rCold    . . .     Gourm    .   c - +1 shield
rNeg     . . .     Faith    .   t - +0 scale mail
rPois    .         Spirit   .   p - +1 hat
rElec    .         Reflect  .   i - +0 cloak
rCorr    .         Harm     .   (no gloves)
MR       .....                  (no boots)
Stlth    +.........             (no amulet)
HPRegen  0.23/turn              q - ring of stealth
MPRegen  0.12/turn              (no ring)

@: no status effects
A: retaliatory headbutt, horns 2
a: Berserk, Trog's Hand, Renounce Religion


You were on level 7 of the Dungeon.
You worshipped Trog.
Trog was pleased with you.
You were hungry.

You visited 1 branch of the dungeon, and saw 8 of its levels.

You collected 253 gold pieces.

Inventory:

Hand Weapons
 a - a +1 war axe
 b - a +2 mace of holy wrath (weapon)
Armour
 c - a +1 shield (worn)
 i - a +0 cloak (worn)
 p - a +1 hat (worn)
 t - a +0 scale mail (worn)
Jewellery
 q - a ring of stealth (left hand)
Wands
 m - a wand of enslavement (15)
Scrolls
 e - 2 scrolls of magic mapping
 g - a scroll of blinking
 k - 8 scrolls of identify
 x - a scroll of enchant armour
Potions
 d - 3 potions of might
 h - 6 potions of curing
 j - 4 potions of heal wounds {unknown}
 n - 3 potions of haste {unknown}
 o - a potion of brilliance {unknown}
 s - 2 potions of magic {unknown}
 u - 3 potions of flight {unknown}
 v - a potion of mutation {unknown}
Comestibles
 f - 15 rations
 l - 2 chunks of flesh


   Skills:
 + Level 7.1 Fighting
 * Level 9.3 Axes
 + Level 7.1 Armour
 + Level 7.2 Shields
 + Level 4.2 Evocations


You had 8 spell levels left.
You didn't know any spells.
Your spell library was empty.

Dungeon Overview and Level Annotations

Branches:
Dungeon (8/15)             Temple (0/1) D:6
   Lair: D:8-11

Altars:
Ashenzari
Elyvilon
Fedhas
Okawaru
Qazlal
Ru
Trog
Uskayaw
Vehumet
The Shining One

Shops:
D:8 (


Innate Abilities, Weirdness & Mutations

You reflexively headbutt those who attack you in melee.
You have a pair of horns on your head.


Message History

You block something's attack. You block something's attack.
You block something's attack.
You closely miss something.
The bullfrog croaks.
Something hits you but does no damage.
You miss something. Something hits you but does no damage.
An adder comes into view.
You are feeling hungry.
You closely miss something.
The adder hisses angrily.
Something hits you but does no damage. x2
You miss something. The bullfrog hits you.
* * * LOW HITPOINT WARNING * * *
The bullfrog hits you.
* * * LOW HITPOINT WARNING * * *
Something hits you.
* * * LOW HITPOINT WARNING * * *
Something shocks you.
You die...

#..................
#...................
#...................
#...................
#.................#
#..........
#..........
#.{........
#.@F..S..).
#..........
#..........
#..........
.....:.....
............
#............
#............


You could see a bullfrog and an adder.

Vanquished Creatures
  Grinder (D:6)
  A wyvern (D:8)
  A hungry ghost (D:8)
  3 ice beasts
  A phantom (D:6)
  3 centaurs
  5 ogres
  A water moccasin zombie (D:8)
  3 scorpions
  3 howler monkeys (D:8)
  A crimson imp (D:6)
  A hound (D:8)
  A quasit (D:8)
  3 jellies
  Crazy Yiuf (D:4)
  An orc priest (D:4)
  3 orc wizards
  2 iguanas
  5 worker ants
  3 hound skeletons
  A worker ant zombie (D:6)
  8 adders
  2 shadow imps
  2 oozes (D:2)
  An adder zombie (D:5)
  An adder skeleton (D:8)
  2 dart slugs
  6 leopard geckos
  15 orcs
  5 giant cockroaches
  8 goblins
  8 hobgoblins
  A quokka (D:6)
  A ball python (D:2)
  12 bats
  5 frilled lizards
  10 kobolds
  A quokka zombie (D:8)
  6 rats
  A plant (D:3)
139 creatures vanquished.

Notes
Turn   | Place    | Note
-------+----------+-------------------------------------------
     0 | D:1      | Hebeh the Minotaur Fighter began the quest for the Orb.
     0 | D:1      | Reached XP level 1. HP: 19/19 MP: 0/0
   226 | D:1      | Reached XP level 2. HP: 27/27 MP: 1/1
   300 | D:1      | Reached skill level 3 in Axes
   585 | D:1      | Reached XP level 3. HP: 33/33 MP: 2/2
  1094 | D:2      | Reached XP level 4. HP: 38/40 MP: 3/3
  1413 | D:2      | Found a shattered altar of Ashenzari.
  1421 | D:2      | Found a hide-covered altar of Uskayaw.
  1421 | D:2      | Found a bloodstained altar of Trog.
  1422 | D:2      | Found a stormy altar of Qazlal.
  1423 | D:2      | Found a blossoming altar of Fedhas.
  1427 | D:2      | Became a worshipper of Trog the Wrathful
  1430 | D:2      | Found an iron altar of Okawaru.
  1431 | D:2      | Found a white marble altar of Elyvilon.
  1508 | D:3      | Reached skill level 4 in Axes
  2308 | D:4      | Reached skill level 1 in Evocations
  2308 | D:4      | Reached XP level 5. HP: 38/47 MP: 4/4
  2636 | D:4      | Noticed an ogre
  2644 | D:4      | Killed an ogre
  2644 | D:4      | Reached XP level 6. HP: 41/53 MP: 4/6
  2785 | D:4      | Found a runed door.
  3240 | D:4      | Noticed Crazy Yiuf
  3245 | D:4      | Killed Crazy Yiuf
  3245 | D:4      | Reached skill level 5 in Axes
  3274 | D:5      | Entered Level 5 of the Dungeon
  3413 | D:5      | Reached skill level 5 in Fighting
  3413 | D:5      | Reached skill level 5 in Armour
  3413 | D:5      | Reached skill level 5 in Shields
  3555 | D:5      | Reached * piety under Trog
  3614 | D:5      | Reached XP level 7. HP: 61/61 MP: 7/7
  3665 | D:5      | Reached skill level 6 in Axes
  3668 | D:5      | Found a radiant altar of Vehumet.
  4181 | D:6      | Reached XP level 8. HP: 67/70 MP: 9/9
  4198 | D:6      | Reached skill level 7 in Axes
  4957 | D:6      | Noticed Grinder
  4957 | D:6      | Paralysed by Grinder for 2 turns
  4965 | D:6      | Killed Grinder
  4965 | D:6      | Reached skill level 8 in Axes
  5085 | D:6      | Found a staircase to the Ecumenical Temple.
  5243 | D:6      | You fall through a shaft for 2 floors!
  5243 | D:8      | Found a sacrificial altar of Ru.
  5388 | D:8      | Reached XP level 9. HP: 57/78 MP: 10/10
  5396 | D:8      | Reached ** piety under Trog
  5534 | D:8      | Found Eproliq's Weapon Emporium.
  5876 | D:8      | Found a glowing golden altar of the Shining One.
  6065 | D:8      | Reached skill level 9 in Axes
  6359 | D:7      | Slain by a sky beast

Vault maps used:
D:1:      dpeg_arrival_simpleton_b, st_stairs_6, grunt_decor_cap
D:2:      minitemple
D:3:      cheibrodos_old_hovel
D:4:      first_ration, uniq_crazy_yiuf_cottage
D:5:      serial_curves, eino_curves_02, eino_curves_03, serial_park_tiny_1,
          grunt_ministairs_1, lemuel_tele_altar
D:6:      minmay_temple_entry_nine_rooms, uniq_grinder
D:7:      minmay_the_grid_triangle_9x9_rhombus_thin, uniq_duvessa
D:8:      nicolae_ru_great_annihilating_truth, lemuel_round_altar, serial_shops,
          shop

Skill      XL: |  1  2  3  4  5  6  7  8  9 |
---------------+----------------------------+-----
Axes           | 3 4 5 6 8 9 |  9.3
Armour         | 4 5 6 7 |  7.1
Fighting       | 4 5 6 7 |  7.1
Shields        | 4 5 6 7 |  7.2
Evocations     | 1 2 3 4 |  4.2

Action                   |  1- 3 |  4- 6 |  7- 9 || total
-------------------------+-------+-------+-------++-------
Melee: War axe           |    74 |    54 |    13 ||   141
       Headbutt          |    15 |    30 |    42 ||    87
       Spear             |    13 |   108 |       ||   121
       Mace              |       |       |   205 ||   205
  Use: Scroll            |     6 |     2 |     3 ||    11
       Potion            |       |       |     1 ||     1
 Stab: Paralysed         |       |       |     1 ||     1
  Eat: Chunk             |     1 |     8 |     7 ||    16
       Ration            |       |       |     1 ||     1
Armor: Scale mail        |    41 |    34 |    82 ||   157
Dodge: Dodged            |    27 |    24 |    66 ||   117
Block: Shield            |    52 |    66 |   149 ||   267

Table legend:
 A = Spawn XP
 B = Non-spawn XP
 C = Spawn XP percentage of total XP
 D = Spawn monster count
 E = Non-spawn monster count
 F = Spawn count percentage of total count
 G = Total turns spent on level
                    A         B        C        D         E        F      G
               +---------+---------+-------+---------+---------+-------+---------
         Total |       0 |    3634 |   0.0 |       0 |     138 |   0.0 |  6359
               +---------+---------+-------+---------+---------+-------+---------
           D:1 |       0 |      50 |   0.0 |       0 |      30 |   0.0 |   825
           D:2 |       0 |      73 |   0.0 |       0 |      21 |   0.0 |   642
           D:3 |       0 |      46 |   0.0 |       0 |      15 |   0.0 |   833
           D:4 |       0 |     273 |   0.0 |       0 |       9 |   0.0 |   974
           D:5 |       0 |     593 |   0.0 |       0 |      18 |   0.0 |   617
           D:6 |       0 |    1313 |   0.0 |       0 |      17 |   0.0 |  1352
           D:7 |       0 |     189 |   0.0 |       0 |       2 |   0.0 |    52
           D:8 |       0 |    1097 |   0.0 |       0 |      26 |   0.0 |  1064
               +---------+---------+-------+---------+---------+-------+---------
